 Dungeon Crawl Stone Soup version 0.30.0-13-g156ef70053 (webtiles) character file.

Game seed: 8450739999430422535

23 cheesebisquit the Caller (level 2, 0/11 HPs)
             Began as a Felid Summoner on May 17, 2023.
             Succumbed to an adder's poison
             ... on level 2 of the Dungeon.
             The game lasted 00:04:29 (960 turns).

cheesebisquit the Caller (Felid Summoner)            Turns: 960, Time: 00:04:29

Health: 0/11       AC:  1    Str:  1    XL:     2   Next: 72%
Magic:  3/6        EV: 18    Int: 15    God:
Gold:   90         SH:  0    Dex: 20    Spells: 3/6 levels left
                                        Lives:  0   Deaths: 0

rFire   + . .        (weapon unavailable)
rCold   + . .        (shield unavailable)
rNeg    . . .        (body armour unavailable)
rPois   +            (helmet unavailable)
rElec   +            (cloak unavailable)
rCorr   +            (gloves unavailable)
SInv    +            (boots unavailable)
Will    .....        (no amulet)
Stlth   ++           (no ring)
HPRegen 0.21/turn    (no ring)
MPRegen 0.10/turn

%: no passive effects
@: lethally poisoned (0 -> -2), resistant, quick
A: very small, claws 1, fangs 3, see invisible, speed 1, shaggy fur 1, stealthy
paws, no weapons or thrown items, no armour, multi-lived, horns 1, agile 1, weak
1
a: no special abilities


You were on level 2 of the Dungeon.
You visited 1 branch of the dungeon, and saw 2 of its levels.

You collected 90 gold pieces.

Inventory:

Jewellery
 g - an amulet of regeneration
Scrolls
 b - a scroll of fear {unknown}
 c - 2 scrolls of amnesia {unknown}
 d - 2 scrolls of enchant weapon {unknown}
 e - a scroll of blinking {unknown}
 i - a scroll of noise {unknown}
Potions
 a - 3 potions of magic
 f - a potion of resistance


   Skills:
 - Level 2.6 Dodging
 - Level 2.6 Stealth
 + Level 2.6 Spellcasting
 + Level 4.4 Summonings


You had 3 spell levels left.
You knew the following spells:

 Your Spells              Type           Power      Damage    Failure   Level
a - Summon Small Mammal   Summ           60%        N/A       3%          1
b - Call Imp              Summ           30%        N/A       4%          2

Your spell library contained the following spells:

 Spells                   Type           Power      Damage    Failure   Level
 Call Canine Familiar     Summ           15%        N/A       10%         3
 Summon Guardian Golem    Hex/Summ       8%         N/A       26%         3
 Summon Lightning Spire   Summ/Air       8%         N/A       63%         4


Dungeon Overview and Level Annotations

Branches:
Dungeon (2/15)

Altars:


Innate Abilities, Weirdness & Mutations

You have sharp claws.
You have razor-sharp teeth.
You have supernaturally acute eyesight. (SInv)
You cover ground quickly. (Speed+)
You are covered in fur. (AC +1)
Your paws help you pounce on unaware monsters.
You are incapable of wielding weapons or throwing items.
You cannot wear armour.
You gain extra lives every three experience levels.
You have a pair of small horns on your head.
You are agile. (Dex +4, Str/Int -1)
You are weak. (Str -2)


Message History

Casting: Summon Small Mammal (safe; 3% risk of failure)
Confirm with . or Enter, or press ? or * to list all spells.
A tiny devil pulls itself out of the air.
Your bat misses the adder.
Your bat hits the adder but does no damage.
The adder barely misses you.
Your quokka bites the adder.
The giant cockroach misses you.
Your bat disappears in a puff of smoke!
The giant cockroach waves its antennae.
There is an open door here.
Your cerulean imp hits the giant cockroach from afar with a -3 spear.
Your quokka closely misses the giant cockroach.
You closely miss the adder.
The adder is moderately wounded.
Your cerulean imp hits the giant cockroach but does no damage.
The adder misses you.
Your quokka closely misses the giant cockroach.
The adder barely misses you.
Your cerulean imp hits the giant cockroach from afar with a -3 spear.
The adder bites you.
You are poisoned.
The adder poisons you!
Your quokka bites the adder.
The adder misses you. The adder attacks as you move away! The adder bites you.
* * * LOW HITPOINT WARNING * * *
You feel sick. The adder closely misses your quokka.
It was a potion of resistance.
You feel protected.
* * * LOW HITPOINT WARNING * * *
You feel sick.
Your quokka bites the adder.
The adder barely misses your quokka.
Your quokka bites the adder.
It was a potion of mutation.
You feel extremely strange.
You feel agile.
You feel weaker. A pair of horns grows on your head!
* * * LOW HITPOINT WARNING * * *
You feel sick. The adder bites your quokka.
Your quokka is poisoned.
The adder poisons your quokka!
Your quokka bites the adder.
The adder dies!
* * * LOW HITPOINT WARNING * * *
You feel sick.
You die...

##.....##...##.....##
##...###...###...##
##### #...# #####
#...# #...##
#...##.....##
#...#.......#
+..r†....!..#
#..r#.B?....#
#..@##.5...## #...#
#...## #...# ####
#...# #...# #...#
+...+ #...#


You could see 2 friendly quokkas.

Vanquished Creatures
  2 bats (D:1)
2 creatures vanquished.

Vanquished Creatures (collateral kills)
  An adder (D:2)
  An endoplasm (D:2)
  A goblin (D:2)
  2 hobgoblins
  4 kobolds (D:1)
  A ball python (D:2)
  A rat (D:2)
11 creatures vanquished.

Grand Total: 13 creatures vanquished

Notes
Turn   | Place    | Note
-------+----------+-------------------------------------------
     0 | D:1      | cheesebisquit the Felid Summoner began the quest for the
                  | Orb.
     0 | D:1      | Reached XP level 1. HP: 7/7 MP: 4/4
   129 | D:1      | Found a faded altar of an unknown god.
   622 | D:2      | Reached XP level 2. HP: 11/11 MP: 3/6
   625 | D:2      | Learned a level 2 spell: Call Imp
   958 | D:2      | Gained mutation: You are agile. (Dex +4, Str/Int -1)
                  | [potion of mutation]
   958 | D:2      | Gained mutation: You are weak. (Str -2) [potion of
                  | mutation]
   958 | D:2      | Gained mutation: You have a pair of small horns on your
                  | head. [potion of mutation]
   960 | D:2      | Succumbed to an adder's poison

Illustrated notes

Levels and vault maps discovered:
D:1:      lightli_arrival_isolated_outpost, layout_rooms,
          hellmonk_ecumenical_altar_blasted, corner_web_ring,
          due_unseen_surprise
D:2:      kennysheep_six_static_rooms, layout_basic

Action                     || total
---------------------------++-------
  Melee: Unarmed           ||    10
   Cast: Summon Small Mamm ||    28
         Call Imp          ||     4
    Use: Potion            ||     2
  Dodge: Dodged            ||    20
